Marlies vs Phantoms
(R1)
Created - December 13, 2021 at 19:14
Goals
|
| Marlies |
3 |
1 |
0 |
4 |
| Phantoms |
2 |
1 |
0 |
3 |
|
Shots
|
| Marlies |
16 |
10 |
9 |
35 |
| Phantoms |
10 |
9 |
9 |
28 |
|
1st period
1. Marlies , Nick Ritchie 4 (Linden Vey 3, Colton Sissons 3) at 1:20 (PP)
2. Marlies , JT Compher 4 (Justin Bailey 4, Lucas Carlsson 2) at 2:16
3. Phantoms , Michael Bournival 1 (Jake Dotchin 2, Alex DeBrincat 2) at 13:31 (SH)
4. Phantoms , Morgan Klimchuk 1 (Cristoval Nieves 1, Rinat Valiev 1) at 16:09
5. Marlies , Justin Bailey 1 (Nicholas Baptiste 3, Neal Pionk 6) at 16:58
Penalties :
Travis Konecny (Leh) for Holding (Minor) at 1:15, Calle Jarnkrok (Leh) for Roughing (Minor) at 12:53
2nd period
6. Marlies , Logan Brown 4 (Tyler Benson 2) at 18:34
7. Phantoms , Travis Konecny 5 (Michael Bournival 4, Devon Teows 2) at 18:46
Penalties :
Calle Jarnkrok (Leh) for Interference (Minor) at 3:37
3rd period
No Goal
Penalties :
Johan Larsson (Tor) for Elbowing (Minor) at 3:51, Sven Andrighetto (Leh) for Roughing (Minor) at 7:39, Nick Shore (Leh) for Slashing (Minor) at 15:28
Goalie Stats
Malcolm Subban (Tor), 25 saves from 28 shots - (0.893), W, 4-2-0, 60:00 minutes
Anton Forsberg (Leh), 31 saves from 35 shots - (0.886), L, 1-2-0, 59:15 minutes
Players Stats for Marlies
Player Name G A P +/- PIM S H SB GA TA FO MP PP MP PK MP
------------------------------------------------------------------------------------
Aleksi Saarela 0 0 0 -1 0 3 0 0 1 0 3/5 13:07 0:00 0:57
Brett Pesce 0 0 0 0 0 0 1 1 1 0 0/0 18:25 2:48 1:05
Colton Sissons 0 1 1 -2 0 6 0 0 0 1 17/41 21:28 4:30 0:03
Dennis Gilbert 0 0 0 1 0 1 0 3 0 0 0/0 15:15 0:00 0:00
Jeff Corbett 0 0 0 0 0 1 0 0 0 0 0/0 18:25 2:48 1:05
Johan Larsson 0 0 0 -1 2 1 1 0 1 0 0/0 12:09 0:00 0:00
JT Compher 1 0 1 2 0 3 4 0 1 0 0/1 18:34 3:31 0:48
Justin Bailey 1 1 2 2 0 2 1 0 0 0 0/1 17:46 3:31 0:00
Linden Vey 0 1 1 -2 0 2 2 1 4 1 1/1 22:27 4:30 1:02
Logan Brown 1 0 1 1 0 2 0 0 0 0 5/5 6:40 0:00 0:00
Lucas Carlsson 0 1 1 1 0 2 1 3 0 1 0/0 15:15 0:00 0:00
Mathieu Olivier 0 0 0 1 0 0 1 0 0 0 0/0 6:40 0:00 0:00
Neal Pionk 0 1 1 -1 0 4 2 1 0 1 0/0 26:20 5:13 0:54
Nicholas Baptiste 0 1 1 -1 0 0 3 1 0 0 0/0 11:19 0:07 0:00
Nick Ritchie 1 0 1 -2 0 5 1 0 2 1 2/2 22:12 4:23 0:54
Pavel Zacha 0 0 0 2 0 1 1 0 1 0 5/9 17:46 3:31 0:00
Tim Erixon 0 0 0 -1 0 2 1 4 0 0 0/0 26:20 5:13 0:54
Tyler Benson 0 1 1 1 0 0 1 0 0 0 0/0 7:52 0:00 0:14
Players Stats for Phantoms
Player Name G A P +/- PIM S H SB GA TA FO MP PP MP PK MP
------------------------------------------------------------------------------------
Alex DeBrincat 0 1 1 1 0 3 2 0 2 0 5/5 20:11 0:59 3:38
Blake Heinrich 0 0 0 -2 0 0 1 4 0 1 0/0 19:39 0:50 3:40
Calle Jarnkrok 0 0 0 1 4 2 0 1 0 1 10/30 18:24 0:54 2:16
Cristoval Nieves 0 1 1 -2 0 1 0 0 0 0 1/3 14:05 0:06 2:20
David Kampf 0 0 0 0 0 0 0 0 0 0 0/1 1:33 0:00 0:33
Devon Teows 0 1 1 -2 0 0 1 0 0 1 0/0 19:39 0:50 3:40
Erik Nystrom 0 0 0 0 0 0 0 1 0 1 0/1 10:02 0:06 1:40
Ivan Provorov 0 0 0 1 0 1 0 5 0 0 0/0 27:47 1:09 4:21
Jake Dotchin 0 1 1 1 0 2 4 2 1 1 0/0 27:47 1:09 4:21
Lucas Wallmarkk 0 0 0 0 0 1 1 0 0 1 0/5 7:02 0:00 0:00
Michael Bournival 1 1 2 2 0 1 1 0 0 0 2/2 20:15 0:54 4:42
Mikko Lehtonen 0 0 0 1 0 1 0 0 0 0 0/0 12:34 0:00 0:00
Morgan Klimchuk 1 0 1 -2 0 4 0 1 0 0 0/0 11:31 0:00 0:00
Nick Shore 0 0 0 0 2 2 2 0 1 1 10/14 17:43 0:59 0:53
Nick Sorensen 0 0 0 -2 0 1 1 0 0 0 1/1 12:25 0:12 0:00
Rinat Valiev 0 1 1 1 0 0 1 1 0 0 0/0 12:34 0:00 0:00
Sven Andrighetto 0 0 0 0 2 2 0 1 0 1 1/1 17:18 0:59 0:00
Travis Konecny 1 0 1 1 2 7 1 0 1 3 2/2 21:25 0:48 0:00
3 Stars
1 - Justin Bailey (Tor)
2 - JT Compher (Tor)
3 - Michael Bournival (Leh)
Power Play
Marlies - 1 on 5 Attempt(s) - 20.00%
Phantoms - 0 on 1 Attempt(s) - 0.00%
Penalty Kill
Marlies - 1 on 1 Attempt(s) - 100.00%
- Score 0 goal in Penalty Kill
Phantoms - 4 on 5 Attempt(s) - 80.00%
- Score 1 goal in Penalty Kill
Team Stat
Marlies - Hits : 20 - Faceoff Wins : 33 - Blocked Shots : 14 - Penalty Minutes : 2
Phantoms - Hits : 15 - Faceoff Wins : 32 - Blocked Shots : 16 - Penalty Minutes : 10
Official
Referees : Corey Syvret and Dan Kelly
Linesman : Devin Berg and Ryan Galloway
Game Notes
No Game Note
Finance
Level 1 -- Attendance: 2000 (100.00%) -- Ticket Income $70,000
Level 2 -- Attendance: 853 (85.30%) -- Ticket Income $12,795
Total Attendance: 2853 (95.10%)
Total Ticket Income: $82,795
Other Income: $4,140
Total Income: $86,935
Marlies
5 vs 5 Forward
Center Left Wing Right Wing Time % Phy DF OF
1 Colton Sissons Nick Ritchie Linden Vey 40 1 2 2
2 Pavel Zacha JT Compher Justin Bailey 30 1 2 2
3 Aleksi Saarela Johan Larsson Nicholas Baptiste 20 1 2 2
4 Logan Brown Tyler Benson Mathieu Olivier 10 1 2 2
5 vs 5 Defense
Defense Defense Time % Phy DF OF
1 Tim Erixon Neal Pionk 40 1 2 2
2 Brett Pesce Jeff Corbett 30 1 2 2
3 Lucas Carlsson Dennis Gilbert 20 1 2 2
4 Tim Erixon Neal Pionk 10 1 2 2
PowerPlay Forward
Center Left Wing Right Wing Time % Phy DF OF
1 Colton Sissons Nick Ritchie Linden Vey 60 1 2 2
2 Pavel Zacha JT Compher Justin Bailey 40 1 2 2
PowerPlay Defense
Defense Defense Time % Phy DF OF
1 Tim Erixon Neal Pionk 60 1 2 2
2 Brett Pesce Jeff Corbett 40 1 2 2
Penalty Kill 4 Players Forward
Center Wing Time % Phy DF OF
1 Linden Vey Nick Ritchie 60 1 2 2
2 JT Compher Colton Sissons 40 1 2 2
Penalty Kill 4 Players Defense
Defense Defense Time % Phy DF OF
1 Tim Erixon Neal Pionk 60 1 2 2
2 Brett Pesce Jeff Corbett 40 1 2 2
Penalty Kill - 3 Players Forward
Forward Time % Phy DF OF
1 Linden Vey 60 1 2 2
2 Nick Ritchie 40 1 2 2
Penalty Kill - 3 Players Defense
Defense Defense Time % Phy DF OF
1 Tim Erixon Neal Pionk 60 1 2 2
2 Brett Pesce Jeff Corbett 40 1 2 2
4 vs 4 Forward
Center Wing Time % Phy DF OF
1 Linden Vey Nick Ritchie 60 1 2 2
2 JT Compher Colton Sissons 40 1 2 2
4 vs 4 Defense
Defense Defense Time % Phy DF OF
1 Tim Erixon Neal Pionk 60 1 2 2
2 Brett Pesce Jeff Corbett 40 1 2 2
Last Minutes Offensive
Center Left Wing Right Wing Defense Defense
Colton Sissons Nick Ritchie Linden Vey Tim Erixon Neal Pionk
Last Minutes Defensive
Center Left Wing Right Wing Defense Defense
Colton Sissons Nick Ritchie Linden Vey Tim Erixon Neal Pionk
Goaltenders
Starting : Malcolm Subban
Backup : Charlie Lindgren
Extra Forwards
Normal : Nicholas Baptiste, Johan Larsson, Aleksi Saarela - PP : Nicholas Baptiste, Johan Larsson - PK : Aleksi Saarela
Extra Defensemen
Normal : Lucas Carlsson, Dennis Gilbert, Brett Pesce - PP : Lucas Carlsson - PK : Dennis Gilbert, Brett Pesce
Penalty Shots
Linden Vey, Nick Ritchie, JT Compher, Colton Sissons, Pavel Zacha
Scratches
Brycen Martin (Healthy), Henri Ikonen (Healthy), Jaden Lindo (Healthy), Jakob Forsbacka-Karlsson (Healthy), Radovan Bondra (Healthy)
Shane Prince (Healthy), Simon Bourque (Healthy), Zack MacEwen (Healthy), Otto Koivula (Healthy), Jamie Phillips (Healthy)
Phantoms
5 vs 5 Forward
Center Left Wing Right Wing Time % Phy DF OF
1 Calle Jarnkrok Michael Bournival Travis Konecny 40 1 2 2
2 Nick Shore Alex DeBrincat Sven Andrighetto 35 1 2 2
3 Cristoval Nieves Morgan Klimchuk Nick Sorensen 15 1 2 2
4 Lucas Wallmarkk Erik Nystrom Travis Konecny 10 1 2 2
5 vs 5 Defense
Defense Defense Time % Phy DF OF
1 Jake Dotchin Ivan Provorov 40 1 2 2
2 Blake Heinrich Devon Teows 30 1 2 2
3 Rinat Valiev Mikko Lehtonen 20 1 2 2
4 Jake Dotchin Ivan Provorov 10 1 2 2
PowerPlay Forward
Center Left Wing Right Wing Time % Phy DF OF
1 Calle Jarnkrok Michael Bournival Travis Konecny 60 1 2 2
2 Nick Shore Alex DeBrincat Sven Andrighetto 40 1 2 2
PowerPlay Defense
Defense Defense Time % Phy DF OF
1 Jake Dotchin Ivan Provorov 60 1 2 2
2 Blake Heinrich Devon Teows 40 1 2 2
Penalty Kill 4 Players Forward
Center Wing Time % Phy DF OF
1 Calle Jarnkrok Michael Bournival 60 1 2 2
2 Nick Shore Alex DeBrincat 40 1 2 2
Penalty Kill 4 Players Defense
Defense Defense Time % Phy DF OF
1 Jake Dotchin Ivan Provorov 60 1 2 2
2 Blake Heinrich Devon Teows 40 1 2 2
Penalty Kill - 3 Players Forward
Forward Time % Phy DF OF
1 Calle Jarnkrok 60 1 2 2
2 Nick Shore 40 1 2 2
Penalty Kill - 3 Players Defense
Defense Defense Time % Phy DF OF
1 Jake Dotchin Ivan Provorov 60 1 2 2
2 Blake Heinrich Devon Teows 40 1 2 2
4 vs 4 Forward
Center Wing Time % Phy DF OF
1 Calle Jarnkrok Michael Bournival 60 1 2 2
2 Nick Shore Alex DeBrincat 40 1 2 2
4 vs 4 Defense
Defense Defense Time % Phy DF OF
1 Jake Dotchin Ivan Provorov 60 1 2 2
2 Blake Heinrich Devon Teows 40 1 2 2
Last Minutes Offensive
Center Left Wing Right Wing Defense Defense
Calle Jarnkrok Michael Bournival Travis Konecny Jake Dotchin Ivan Provorov
Last Minutes Defensive
Center Left Wing Right Wing Defense Defense
Calle Jarnkrok Michael Bournival Travis Konecny Jake Dotchin Ivan Provorov
Goaltenders
Starting : Anton Forsberg
Backup : Zachary Fucale
Extra Forwards
Normal : Alex DeBrincat, Nick Shore, Morgan Klimchuk - PP : Alex DeBrincat, Nick Shore - PK : Alex DeBrincat
Extra Defensemen
Normal : Devon Teows, Rinat Valiev, Mikko Lehtonen - PP : Devon Teows - PK : Devon Teows, Rinat Valiev
Penalty Shots
Michael Bournival, Calle Jarnkrok, Travis Konecny, Sven Andrighetto, Alex DeBrincat
Scratches
A.J. Greer (Healthy), Anthony Angello (Healthy), Brendan Leipsic (Healthy), Brenden Kichton (Healthy), Cooper Marody (Healthy)
Dylan Olsen (Healthy), JC Lipon (Healthy), Laurent Dauphin (Healthy), Mark Alt (Healthy), Reid McNeill (Healthy)
Brett Murray (Healthy), Matt Kiersted (Healthy), Riley Stillman (Healthy), Jason Kasdorf (Healthy)
% Time on Ice - Marlies
Lines # - Real PCT - Wanted PCT - Time Play
Normal Forward
1 - 35% - 40% - 17:03
2 - 29% - 30% - 14:15
3 - 23% - 20% - 11:12
4 - 14% - 10% - 6:40
Normal Defense
1 - 36% - 40% - 17:53
2 - 30% - 30% - 14:32
3 - 29% - 20% - 14:25
4 - 5% - 10% - 2:20
PP Forward
1 - 56% - 60% - 4:30
2 - 44% - 40% - 3:31
PP Defense
1 - 65% - 60% - 5:13
2 - 35% - 40% - 2:48
PK Forward
1 - 97% - 60% - 1:56
2 - 3% - 40% - 0:03
PK Defense
1 - 45% - 60% - 0:54
2 - 55% - 40% - 1:05
PK3 Forward
1 - 0% - 60%
2 - 0% - 40%
PK3 Defense
1 - 0% - 60%
2 - 0% - 40%
44 Forward
1 - 0% - 60%
2 - 0% - 40%
44 Defense
1 - 0% - 60%
2 - 0% - 40%
Last Minute Offensive - 0:00
Last Minute Defensive - 0:50
Total
Forward - 60:00
Defense - 60:00
|
% Time on Ice - Phantoms
Lines # - Real PCT - Wanted PCT - Time Play
Normal Forward
1 - 31% - 40% - 15:16
2 - 32% - 35% - 15:34
3 - 23% - 15% - 11:15
4 - 14% - 10% - 7:02
Normal Defense
1 - 39% - 40% - 19:00
2 - 31% - 30% - 15:09
3 - 26% - 20% - 12:34
4 - 5% - 10% - 2:24
PP Forward
1 - 50% - 60% - 1:00
2 - 50% - 40% - 0:59
PP Defense
1 - 58% - 60% - 1:09
2 - 42% - 40% - 0:50
PK Forward
1 - 79% - 60% - 6:22
2 - 21% - 40% - 1:39
PK Defense
1 - 54% - 60% - 4:21
2 - 46% - 40% - 3:40
PK3 Forward
1 - 0% - 60%
2 - 0% - 40%
PK3 Defense
1 - 0% - 60%
2 - 0% - 40%
44 Forward
1 - 0% - 60%
2 - 0% - 40%
44 Defense
1 - 0% - 60%
2 - 0% - 40%
Last Minute Offensive - 0:53
Last Minute Defensive - 0:00
Total
Forward - 60:00
Defense - 60:00
|
Play-by-Play
1st period
0:01 of 1st period - Calle Jarnkrok wins face-off versus Colton Sissons in neutral zone.
0:25 of 1st period - Alex DeBrincat is hit by JT Compher and loses puck.
1:15 of 1st period - Minor Penalty to Travis Konecny for Holding.
1:16 of 1st period - Colton Sissons wins face-off versus Calle Jarnkrok in Phantoms zone.
1:18 of 1st period - Wrist shot by Linden Vey.
1:18 of 1st period - Shot Hit the Post.
1:20 of 1st period - Backhand shot by Nick Ritchie.
1:20 of 1st period - Goal by Nick Ritchie - Marlies : 1 - Phantoms : 0.
1:21 of 1st period - Colton Sissons wins face-off versus Calle Jarnkrok in neutral zone.
1:58 of 1st period - Snap shot by Sven Andrighetto.
1:58 of 1st period - Stopped by Malcolm Subban with a rebound.
2:08 of 1st period - Wrist shot by Pavel Zacha.
2:08 of 1st period - Stopped by Anton Forsberg with a rebound.
2:14 of 1st period - Snap shot by JT Compher.
2:14 of 1st period - Shot Misses the Net.
2:16 of 1st period - Snap shot by Justin Bailey.
2:16 of 1st period - Deflect By JT Compher.
2:16 of 1st period - Goal by JT Compher - Marlies : 2 - Phantoms : 0.
2:17 of 1st period - Colton Sissons wins face-off versus Calle Jarnkrok in neutral zone.
2:24 of 1st period - Snap shot by Linden Vey.
2:24 of 1st period - Stopped by Anton Forsberg with a rebound.
2:32 of 1st period - Neal Pionk is hit by Jake Dotchin and loses puck.
3:24 of 1st period - Snap shot by Aleksi Saarela.
3:24 of 1st period - Stopped by Anton Forsberg with a rebound.
4:14 of 1st period - Slapshot by Justin Bailey.
4:14 of 1st period - Stopped by Anton Forsberg without a rebound.
4:15 of 1st period - Nick Shore wins face-off versus Colton Sissons in Phantoms zone.
5:06 of 1st period - Snap shot by Calle Jarnkrok.
5:06 of 1st period - Stopped by Malcolm Subban without a rebound.
5:07 of 1st period - Michael Bournival wins face-off versus Colton Sissons in Marlies zone.
5:28 of 1st period - Ivan Provorov is hit by JT Compher and loses puck.
5:36 of 1st period - Icing by Tim Erixon.
5:37 of 1st period - Nick Sorensen wins face-off versus Pavel Zacha in Marlies zone.
6:04 of 1st period - Snap shot by Nick Shore.
6:04 of 1st period - Shot Blocked by Neal Pionk.
6:06 of 1st period - Wrist shot by Nick Shore.
6:06 of 1st period - Shot Blocked by Tim Erixon.
6:08 of 1st period - Snap shot by Alex DeBrincat.
6:08 of 1st period - Shot Misses the Net.
6:19 of 1st period - Icing by Neal Pionk.
6:20 of 1st period - Logan Brown wins face-off versus Calle Jarnkrok in Marlies zone.
7:09 of 1st period - Off-side.
7:10 of 1st period - Aleksi Saarela wins face-off versus Cristoval Nieves in neutral zone.
7:48 of 1st period - Wrist shot by JT Compher.
7:48 of 1st period - Deflect By Justin Bailey.
7:48 of 1st period - Shot Blocked by Morgan Klimchuk.
7:48 of 1st period - Puck is out of play.
7:49 of 1st period - Calle Jarnkrok wins face-off versus Colton Sissons in Phantoms zone.
7:55 of 1st period - Off-side.
7:56 of 1st period - Colton Sissons wins face-off versus Calle Jarnkrok in neutral zone.
8:11 of 1st period - Slapshot by Linden Vey.
8:11 of 1st period - Shot Blocked by Ivan Provorov.
8:23 of 1st period - Snap shot by Sven Andrighetto.
8:23 of 1st period - Stopped by Malcolm Subban with a rebound.
8:25 of 1st period - Slapshot by Ivan Provorov.
8:25 of 1st period - Shot Blocked by Tim Erixon.
8:58 of 1st period - Slapshot by Neal Pionk.
8:58 of 1st period - Stopped by Anton Forsberg without a rebound.
8:59 of 1st period - Colton Sissons wins face-off versus Calle Jarnkrok in Phantoms zone.
9:00 of 1st period - Wrist shot by Linden Vey.
9:00 of 1st period - Shot Blocked by Blake Heinrich.
9:38 of 1st period - Snap shot by Logan Brown.
9:38 of 1st period - Stopped by Anton Forsberg with a rebound.
9:52 of 1st period - Slapshot by Jeff Corbett.
9:52 of 1st period - Shot Blocked by Ivan Provorov.
10:18 of 1st period - Snap shot by Travis Konecny.
10:18 of 1st period - Stopped by Malcolm Subban without a rebound.
10:19 of 1st period - Colton Sissons wins face-off versus Lucas Wallmarkk in Marlies zone.
10:40 of 1st period - Nick Ritchie is hit by Rinat Valiev and loses puck.
10:57 of 1st period - Wrist shot by Colton Sissons.
10:57 of 1st period - Shot Blocked by Rinat Valiev.
10:59 of 1st period - Slapshot by Tim Erixon.
10:59 of 1st period - Stopped by Anton Forsberg without a rebound.
11:00 of 1st period - Nick Shore wins face-off versus Aleksi Saarela in Phantoms zone.
11:16 of 1st period - Snap shot by Alex DeBrincat.
11:16 of 1st period - Shot Misses the Net.
11:42 of 1st period - Icing by Justin Bailey.
11:43 of 1st period - Calle Jarnkrok wins face-off versus Pavel Zacha in Marlies zone.
11:48 of 1st period - Snap shot by Michael Bournival.
11:48 of 1st period - Shot Misses the Net.
11:50 of 1st period - Slapshot by Ivan Provorov.
11:50 of 1st period - Shot Blocked by Lucas Carlsson.
11:52 of 1st period - Backhand shot by Michael Bournival.
11:52 of 1st period - Shot Misses the Net.
12:08 of 1st period - Dennis Gilbert is hit by Alex DeBrincat and loses puck.
12:23 of 1st period - Wrist shot by Justin Bailey.
12:23 of 1st period - Shot Misses the Net.
12:25 of 1st period - Slapshot by Justin Bailey.
12:25 of 1st period - Shot Misses the Net.
12:37 of 1st period - Slapshot by Pavel Zacha.
12:37 of 1st period - Shot Misses the Net.
12:39 of 1st period - Slapshot by Dennis Gilbert.
12:39 of 1st period - Shot Misses the Net.
12:41 of 1st period - Slapshot by Lucas Carlsson.
12:41 of 1st period - Stopped by Anton Forsberg without a rebound.
12:42 of 1st period - Colton Sissons wins face-off versus Calle Jarnkrok in Phantoms zone.
12:43 of 1st period - Backhand shot by Linden Vey.
12:43 of 1st period - Shot Misses the Net.
12:49 of 1st period - Slapshot by Nick Ritchie.
12:49 of 1st period - Deflect By Colton Sissons.
12:49 of 1st period - Shot Misses the Net.
12:49 of 1st period - Puck is out of play.
12:50 of 1st period - Calle Jarnkrok wins face-off versus Colton Sissons in Phantoms zone.
12:50 of 1st period - Calle Jarnkrok is hit by Tim Erixon.
12:53 of 1st period - Minor Penalty to Calle Jarnkrok for Roughing.
12:54 of 1st period - Alex DeBrincat wins face-off versus Colton Sissons in Phantoms zone.
13:07 of 1st period - Icing by Nick Ritchie.
13:08 of 1st period - Alex DeBrincat wins face-off versus Colton Sissons in Marlies zone.
13:17 of 1st period - Snap shot by Michael Bournival.
13:17 of 1st period - Shot Misses the Net.
13:19 of 1st period - Slapshot by Jake Dotchin.
13:19 of 1st period - Shot Misses the Net.
13:21 of 1st period - Snap shot by Michael Bournival.
13:21 of 1st period - Shot Misses the Net.
13:23 of 1st period - Slapshot by Ivan Provorov.
13:23 of 1st period - Stopped by Malcolm Subban without a rebound.
13:24 of 1st period - Alex DeBrincat wins face-off versus Colton Sissons in Marlies zone.
13:25 of 1st period - Slapshot by Michael Bournival.
13:25 of 1st period - Shot Blocked by Tim Erixon.
13:31 of 1st period - Snap shot by Michael Bournival.
13:31 of 1st period - Goal by Michael Bournival - Marlies : 2 - Phantoms : 1.
13:32 of 1st period - Alex DeBrincat wins face-off versus Colton Sissons in neutral zone.
14:53 of 1st period - Penalty to Calle Jarnkrok is over, Calle Jarnkrok is back on ice.
15:04 of 1st period - Off-side.
15:05 of 1st period - Logan Brown wins face-off versus Calle Jarnkrok in neutral zone.
15:42 of 1st period - Wrist shot by Colton Sissons.
15:42 of 1st period - Shot Misses the Net.
15:44 of 1st period - Wrist shot by Colton Sissons.
15:44 of 1st period - Stopped by Anton Forsberg with a rebound.
15:46 of 1st period - Slapshot by Lucas Carlsson.
15:46 of 1st period - Stopped by Anton Forsberg with a rebound.
16:09 of 1st period - Snap shot by Morgan Klimchuk.
16:09 of 1st period - Goal by Morgan Klimchuk - Marlies : 2 - Phantoms : 2.
16:10 of 1st period - Colton Sissons wins face-off versus Calle Jarnkrok in neutral zone.
16:21 of 1st period - Snap shot by Colton Sissons.
16:21 of 1st period - Stopped by Anton Forsberg with a rebound.
16:23 of 1st period - Slapshot by Nick Ritchie.
16:23 of 1st period - Shot Misses the Net.
16:25 of 1st period - Slapshot by Tim Erixon.
16:25 of 1st period - Stopped by Anton Forsberg with a rebound.
16:35 of 1st period - Aleksi Saarela is hit by Nick Shore and loses puck.
16:58 of 1st period - Snap shot by Justin Bailey.
16:58 of 1st period - Goal by Justin Bailey - Marlies : 3 - Phantoms : 2.
16:59 of 1st period - Nick Ritchie wins face-off versus Calle Jarnkrok in neutral zone.
17:12 of 1st period - Wrist shot by Nick Ritchie.
17:12 of 1st period - Shot Blocked by Calle Jarnkrok.
17:40 of 1st period - Wrist shot by JT Compher.
17:40 of 1st period - Shot Blocked by Blake Heinrich.
18:10 of 1st period - Nick Ritchie is hit by Blake Heinrich and loses puck.
18:29 of 1st period - Slapshot by Neal Pionk.
18:29 of 1st period - Stopped by Anton Forsberg without a rebound.
18:30 of 1st period - Aleksi Saarela wins face-off versus Erik Nystrom in Phantoms zone.
18:59 of 1st period - Icing by Brett Pesce.
19:00 of 1st period - Sven Andrighetto wins face-off versus Colton Sissons in Marlies zone.
19:01 of 1st period - Snap shot by Alex DeBrincat.
19:01 of 1st period - Shot Misses the Net.
19:03 of 1st period - Wrist shot by Alex DeBrincat.
19:03 of 1st period - Shot Misses the Net.
19:15 of 1st period - Slapshot by Alex DeBrincat.
19:15 of 1st period - Shot Blocked by Brett Pesce.
19:35 of 1st period - Snap shot by JT Compher.
19:35 of 1st period - Shot Misses the Net.
19:49 of 1st period - Wrist shot by Cristoval Nieves.
19:49 of 1st period - Deflect By Nick Sorensen.
19:49 of 1st period - Stopped by Malcolm Subban with a rebound.
19:53 of 1st period - Snap shot by Morgan Klimchuk.
19:53 of 1st period - Stopped by Malcolm Subban without a rebound.
19:54 of 1st period - Nick Shore wins face-off versus Colton Sissons in Marlies zone.
19:59 of 1st period - Snap shot by Nick Shore.
19:59 of 1st period - Stopped by Malcolm Subban with a rebound.
Goals for this period are 3 for Marlies vs 2 for Phantoms.
Shots for this period are 16 for Marlies vs 10 for Phantoms.
2nd period
0:01 of 2nd period - Colton Sissons wins face-off versus Calle Jarnkrok in neutral zone.
0:49 of 2nd period - Jeff Corbett is hit by Nick Sorensen and loses puck.
0:54 of 2nd period - Snap shot by Cristoval Nieves.
0:54 of 2nd period - Shot Misses the Net.
0:56 of 2nd period - Wrist shot by Morgan Klimchuk.
0:56 of 2nd period - Stopped by Malcolm Subban with a rebound.
1:00 of 2nd period - Wrist shot by Cristoval Nieves.
1:00 of 2nd period - Deflect By Morgan Klimchuk.
1:00 of 2nd period - Deflect By Nicholas Baptiste.
1:00 of 2nd period - Shot Misses the Net.
1:00 of 2nd period - Puck is out of play.
1:01 of 2nd period - Calle Jarnkrok wins face-off versus Colton Sissons in Marlies zone.
1:02 of 2nd period - Slapshot by Travis Konecny.
1:02 of 2nd period - Stopped by Malcolm Subban with a rebound.
1:28 of 2nd period - Nick Shore is hit by Pavel Zacha and loses puck.
2:11 of 2nd period - Wrist shot by Travis Konecny.
2:11 of 2nd period - Stopped by Malcolm Subban without a rebound.
2:12 of 2nd period - Logan Brown wins face-off versus Calle Jarnkrok in Marlies zone.
2:17 of 2nd period - Slapshot by Neal Pionk.
2:17 of 2nd period - Stopped by Anton Forsberg without a rebound.
2:18 of 2nd period - Travis Konecny wins face-off versus Colton Sissons in Phantoms zone.
2:18 of 2nd period - Travis Konecny is hit by Nick Ritchie.
3:12 of 2nd period - Slapshot by Tim Erixon.
3:12 of 2nd period - Deflect By Logan Brown.
3:12 of 2nd period - Shot Misses the Net.
3:12 of 2nd period - Puck is out of play.
3:13 of 2nd period - Logan Brown wins face-off versus Cristoval Nieves in Phantoms zone.
3:26 of 2nd period - Wrist shot by Cristoval Nieves.
3:26 of 2nd period - Stopped by Malcolm Subban without a rebound.
3:27 of 2nd period - Colton Sissons wins face-off versus Calle Jarnkrok in Marlies zone.
3:37 of 2nd period - Minor Penalty to Calle Jarnkrok for Interference.
3:38 of 2nd period - Alex DeBrincat wins face-off versus Colton Sissons in Phantoms zone.
4:04 of 2nd period - JT Compher is hit by Jake Dotchin and loses puck.
5:37 of 2nd period - Penalty to Calle Jarnkrok is over, Calle Jarnkrok is back on ice.
6:01 of 2nd period - Wrist shot by Calle Jarnkrok.
6:01 of 2nd period - Shot Blocked by Lucas Carlsson.
7:29 of 2nd period - Snap shot by Morgan Klimchuk.
7:29 of 2nd period - Stopped by Malcolm Subban without a rebound.
7:30 of 2nd period - Pavel Zacha wins face-off versus David Kampf in Marlies zone.
7:56 of 2nd period - Jake Dotchin is hit by Johan Larsson and loses puck.
8:14 of 2nd period - Backhand shot by David Kampf.
8:14 of 2nd period - Shot Blocked by Dennis Gilbert.
8:16 of 2nd period - Slapshot by Mikko Lehtonen.
8:16 of 2nd period - Stopped by Malcolm Subban with a rebound.
8:18 of 2nd period - Snap shot by Rinat Valiev.
8:18 of 2nd period - Deflect By Nick Sorensen.
8:18 of 2nd period - Shot Misses the Net.
8:18 of 2nd period - Puck is out of play.
8:19 of 2nd period - Colton Sissons wins face-off versus Calle Jarnkrok in Marlies zone.
8:28 of 2nd period - Mikko Lehtonen is hit by Neal Pionk and loses puck.
8:34 of 2nd period - Icing by Michael Bournival.
8:35 of 2nd period - Pavel Zacha wins face-off versus Calle Jarnkrok in Phantoms zone.
8:36 of 2nd period - Snap shot by JT Compher.
8:36 of 2nd period - Stopped by Anton Forsberg with a rebound.
8:50 of 2nd period - Calle Jarnkrok is hit by JT Compher and loses puck.
9:04 of 2nd period - Wrist shot by Calle Jarnkrok.
9:04 of 2nd period - Deflect By Travis Konecny.
9:04 of 2nd period - Stopped by Malcolm Subban without a rebound.
9:05 of 2nd period - Nick Shore wins face-off versus Colton Sissons in Marlies zone.
9:30 of 2nd period - Ivan Provorov is hit by JT Compher and loses puck.
9:59 of 2nd period - Icing by Jeff Corbett.
10:00 of 2nd period - Aleksi Saarela wins face-off versus Nick Shore in Marlies zone.
10:56 of 2nd period - Off-side.
10:57 of 2nd period - Colton Sissons wins face-off versus Calle Jarnkrok in neutral zone.
11:02 of 2nd period - Snap shot by Linden Vey.
11:02 of 2nd period - Shot Misses the Net.
11:04 of 2nd period - Snap shot by Linden Vey.
11:04 of 2nd period - Shot Misses the Net.
11:06 of 2nd period - Wrist shot by Colton Sissons.
11:06 of 2nd period - Stopped by Anton Forsberg with a rebound.
11:08 of 2nd period - Snap shot by Neal Pionk.
11:08 of 2nd period - Deflect By Nick Ritchie.
11:08 of 2nd period - Stopped by Anton Forsberg without a rebound.
11:09 of 2nd period - Travis Konecny wins face-off versus Colton Sissons in Phantoms zone.
11:34 of 2nd period - JT Compher is hit by Alex DeBrincat and loses puck.
12:05 of 2nd period - Snap shot by Neal Pionk.
12:05 of 2nd period - Shot Blocked by Ivan Provorov.
12:16 of 2nd period - Icing by Neal Pionk.
12:17 of 2nd period - Cristoval Nieves wins face-off versus Colton Sissons in Marlies zone.
13:23 of 2nd period - Rinat Valiev is hit by Linden Vey and loses puck.
13:56 of 2nd period - Alex DeBrincat is hit by Nicholas Baptiste and loses puck.
14:38 of 2nd period - Snap shot by Cristoval Nieves.
14:38 of 2nd period - Shot Blocked by Linden Vey.
14:40 of 2nd period - Wrist shot by Nick Sorensen.
14:40 of 2nd period - Shot Hit the Post.
14:58 of 2nd period - Justin Bailey is hit by Nick Shore.
15:16 of 2nd period - Wrist shot by Aleksi Saarela.
15:16 of 2nd period - Stopped by Anton Forsberg with a rebound.
15:18 of 2nd period - Snap shot by Dennis Gilbert.
15:18 of 2nd period - Stopped by Anton Forsberg without a rebound.
15:19 of 2nd period - Logan Brown wins face-off versus Lucas Wallmarkk in Phantoms zone.
15:26 of 2nd period - Slapshot by Brett Pesce.
15:26 of 2nd period - Deflect By Tyler Benson.
15:26 of 2nd period - Shot Blocked by Erik Nystrom.
15:26 of 2nd period - Puck is out of play.
15:27 of 2nd period - Colton Sissons wins face-off versus Nick Shore in Phantoms zone.
15:54 of 2nd period - JT Compher is hit by Jake Dotchin and loses puck.
16:19 of 2nd period - Aleksi Saarela is hit by Devon Teows and loses puck.
16:39 of 2nd period - Snap shot by Nick Ritchie.
16:39 of 2nd period - Stopped by Anton Forsberg with a rebound.
16:58 of 2nd period - Travis Konecny is hit by Mathieu Olivier and loses puck.
17:26 of 2nd period - Ivan Provorov is hit by Justin Bailey and loses puck.
17:37 of 2nd period - Jake Dotchin is hit by Nicholas Baptiste and loses puck.
17:50 of 2nd period - Michael Bournival is hit by Neal Pionk and loses puck.
18:27 of 2nd period - Nick Sorensen is hit by Tyler Benson and loses puck.
18:34 of 2nd period - Snap shot by Logan Brown.
18:34 of 2nd period - Goal by Logan Brown - Marlies : 4 - Phantoms : 2.
18:35 of 2nd period - Calle Jarnkrok wins face-off versus Colton Sissons in neutral zone.
18:46 of 2nd period - Snap shot by Travis Konecny.
18:46 of 2nd period - Goal by Travis Konecny - Marlies : 4 - Phantoms : 3.
18:47 of 2nd period - Colton Sissons wins face-off versus Calle Jarnkrok in neutral zone.
18:54 of 2nd period - Snap shot by Linden Vey.
18:54 of 2nd period - Shot Misses the Net.
18:56 of 2nd period - Wrist shot by Colton Sissons.
18:56 of 2nd period - Stopped by Anton Forsberg without a rebound.
18:57 of 2nd period - Colton Sissons wins face-off versus Calle Jarnkrok in Phantoms zone.
19:12 of 2nd period - Slapshot by Nick Ritchie.
19:12 of 2nd period - Stopped by Anton Forsberg without a rebound.
19:13 of 2nd period - Nick Shore wins face-off versus Pavel Zacha in Phantoms zone.
19:39 of 2nd period - Neal Pionk is hit by Travis Konecny and loses puck.
19:46 of 2nd period - Snap shot by Travis Konecny.
19:46 of 2nd period - Stopped by Malcolm Subban with a rebound.
Goals for this period are 1 for Marlies vs 1 for Phantoms.
Shots for this period are 10 for Marlies vs 9 for Phantoms.
3rd period
0:01 of 3rd period - Calle Jarnkrok wins face-off versus Colton Sissons in neutral zone.
0:08 of 3rd period - Wrist shot by Travis Konecny.
0:08 of 3rd period - Stopped by Malcolm Subban without a rebound.
0:09 of 3rd period - Calle Jarnkrok wins face-off versus Colton Sissons in Marlies zone.
0:45 of 3rd period - Wrist shot by Nick Ritchie.
0:45 of 3rd period - Stopped by Anton Forsberg with a rebound.
0:47 of 3rd period - Slapshot by Colton Sissons.
0:47 of 3rd period - Deflect By Linden Vey.
0:47 of 3rd period - Shot Misses the Net.
0:47 of 3rd period - Puck is out of play.
0:48 of 3rd period - Nick Shore wins face-off versus Pavel Zacha in Phantoms zone.
0:59 of 3rd period - Snap shot by Alex DeBrincat.
0:59 of 3rd period - Stopped by Malcolm Subban with a rebound.
1:40 of 3rd period - Erik Nystrom is hit by Lucas Carlsson and loses puck.
3:26 of 3rd period - Snap shot by Tyler Benson.
3:26 of 3rd period - Shot Blocked by Ivan Provorov.
3:51 of 3rd period - Minor Penalty to Johan Larsson for Elbowing.
3:52 of 3rd period - Nick Ritchie wins face-off versus Nick Shore in Marlies zone.
5:51 of 3rd period - Penalty to Johan Larsson is over, Johan Larsson is back on ice.
6:04 of 3rd period - Wrist shot by Aleksi Saarela.
6:04 of 3rd period - Shot Misses the Net.
6:06 of 3rd period - Snap shot by Tyler Benson.
6:06 of 3rd period - Shot Misses the Net.
6:08 of 3rd period - Snap shot by Jeff Corbett.
6:08 of 3rd period - Shot Blocked by Blake Heinrich.
6:10 of 3rd period - Snap shot by Johan Larsson.
6:10 of 3rd period - Stopped by Anton Forsberg with a rebound.
6:48 of 3rd period - Snap shot by Aleksi Saarela.
6:48 of 3rd period - Stopped by Anton Forsberg without a rebound.
6:49 of 3rd period - Pavel Zacha wins face-off versus Nick Shore in Phantoms zone.
6:58 of 3rd period - Slapshot by Alex DeBrincat.
6:58 of 3rd period - Stopped by Malcolm Subban without a rebound.
6:59 of 3rd period - Nick Shore wins face-off versus Justin Bailey in Marlies zone.
7:11 of 3rd period - Neal Pionk is hit by Jake Dotchin and loses puck.
7:39 of 3rd period - Minor Penalty to Sven Andrighetto for Roughing.
7:40 of 3rd period - Linden Vey wins face-off versus Calle Jarnkrok in Phantoms zone.
7:44 of 3rd period - Snap shot by Neal Pionk.
7:44 of 3rd period - Deflect By Colton Sissons.
7:44 of 3rd period - Shot Misses the Net.
7:44 of 3rd period - Puck is out of play.
7:45 of 3rd period - Calle Jarnkrok wins face-off versus Colton Sissons in Phantoms zone.
8:16 of 3rd period - Wrist shot by Pavel Zacha.
8:16 of 3rd period - Shot Blocked by Jake Dotchin.
8:18 of 3rd period - Slapshot by Tim Erixon.
8:18 of 3rd period - Deflect By JT Compher.
8:18 of 3rd period - Stopped by Anton Forsberg with a rebound.
8:20 of 3rd period - Slapshot by Neal Pionk.
8:20 of 3rd period - Stopped by Anton Forsberg without a rebound.
8:21 of 3rd period - Calle Jarnkrok wins face-off versus JT Compher in Phantoms zone.
8:54 of 3rd period - Snap shot by Colton Sissons.
8:54 of 3rd period - Stopped by Anton Forsberg with a rebound.
9:39 of 3rd period - Penalty to Sven Andrighetto is over, Sven Andrighetto is back on ice.
9:39 of 3rd period - Tim Erixon is hit by Michael Bournival.
10:21 of 3rd period - Wrist shot by Michael Bournival.
10:21 of 3rd period - Shot Blocked by Tim Erixon.
10:24 of 3rd period - Icing by Justin Bailey.
10:25 of 3rd period - Pavel Zacha wins face-off versus Lucas Wallmarkk in Marlies zone.
10:27 of 3rd period - Icing by Neal Pionk.
10:28 of 3rd period - Pavel Zacha wins face-off versus Lucas Wallmarkk in Marlies zone.
10:34 of 3rd period - Off-side.
10:35 of 3rd period - Colton Sissons wins face-off versus Lucas Wallmarkk in neutral zone.
10:50 of 3rd period - Snap shot by Lucas Wallmarkk.
10:50 of 3rd period - Shot Misses the Net.
10:52 of 3rd period - Slapshot by Lucas Wallmarkk.
10:52 of 3rd period - Stopped by Malcolm Subban without a rebound.
10:53 of 3rd period - Nick Shore wins face-off versus Aleksi Saarela in Marlies zone.
10:54 of 3rd period - Slapshot by Alex DeBrincat.
10:54 of 3rd period - Shot Misses the Net.
11:18 of 3rd period - Jake Dotchin is hit by Brett Pesce and loses puck.
12:37 of 3rd period - Snap shot by Linden Vey.
12:37 of 3rd period - Stopped by Anton Forsberg with a rebound.
12:39 of 3rd period - Wrist shot by Colton Sissons.
12:39 of 3rd period - Shot Misses the Net.
12:41 of 3rd period - Slapshot by Colton Sissons.
12:41 of 3rd period - Stopped by Anton Forsberg without a rebound.
12:42 of 3rd period - Nick Shore wins face-off versus Colton Sissons in Phantoms zone.
12:42 of 3rd period - Nick Shore is hit by Linden Vey.
13:38 of 3rd period - Slapshot by Travis Konecny.
13:38 of 3rd period - Deflect By Calle Jarnkrok.
13:38 of 3rd period - Stopped by Malcolm Subban with a rebound.
13:40 of 3rd period - Snap shot by Calle Jarnkrok.
13:40 of 3rd period - Shot Misses the Net.
13:58 of 3rd period - Wrist shot by Brett Pesce.
13:58 of 3rd period - Shot Blocked by Sven Andrighetto.
14:00 of 3rd period - Wrist shot by Logan Brown.
14:00 of 3rd period - Shot Misses the Net.
14:02 of 3rd period - Wrist shot by Tyler Benson.
14:02 of 3rd period - Shot Misses the Net.
14:04 of 3rd period - Slapshot by Jeff Corbett.
14:04 of 3rd period - Stopped by Anton Forsberg with a rebound.
14:19 of 3rd period - Nick Ritchie is hit by Lucas Wallmarkk and loses puck.
14:36 of 3rd period - Snap shot by Jake Dotchin.
14:36 of 3rd period - Stopped by Malcolm Subban with a rebound.
14:54 of 3rd period - Wrist shot by Nicholas Baptiste.
14:54 of 3rd period - Shot Blocked by Ivan Provorov.
15:25 of 3rd period - Snap shot by Linden Vey.
15:25 of 3rd period - Deflect By Nick Ritchie.
15:25 of 3rd period - Shot Blocked by Blake Heinrich.
15:25 of 3rd period - Puck is out of play.
15:26 of 3rd period - Nick Shore wins face-off versus Colton Sissons in Phantoms zone.
15:28 of 3rd period - Minor Penalty to Nick Shore for Slashing.
15:29 of 3rd period - Michael Bournival wins face-off versus Colton Sissons in Phantoms zone.
16:20 of 3rd period - Wrist shot by Alex DeBrincat.
16:20 of 3rd period - Stopped by Malcolm Subban with a rebound.
17:28 of 3rd period - Penalty to Nick Shore is over, Nick Shore is back on ice.
17:41 of 3rd period - Rinat Valiev is hit by Nicholas Baptiste and loses puck.
18:27 of 3rd period - Wrist shot by Johan Larsson.
18:27 of 3rd period - Shot Misses the Net.
18:35 of 3rd period - Slapshot by Alex DeBrincat.
18:35 of 3rd period - Shot Blocked by Nicholas Baptiste.
18:37 of 3rd period - Wrist shot by Sven Andrighetto.
18:37 of 3rd period - Shot Misses the Net.
18:41 of 3rd period - Wrist shot by Sven Andrighetto.
18:41 of 3rd period - Shot Misses the Net.
18:43 of 3rd period - Snap shot by Nick Shore.
18:43 of 3rd period - Stopped by Malcolm Subban without a rebound.
18:44 of 3rd period - Colton Sissons wins face-off versus Calle Jarnkrok in Marlies zone.
18:53 of 3rd period - Snap shot by Linden Vey.
18:53 of 3rd period - Shot Misses the Net.
18:55 of 3rd period - Slapshot by Lucas Carlsson.
18:55 of 3rd period - Shot Blocked by Jake Dotchin.
19:15 of 3rd period - Phantoms, Anton Forsberg is pulled from the net.
19:33 of 3rd period - Wrist shot by Michael Bournival.
19:33 of 3rd period - Shot Misses the Net.
19:35 of 3rd period - Snap shot by Travis Konecny.
19:35 of 3rd period - Shot Blocked by Dennis Gilbert.
19:41 of 3rd period - Snap shot by Travis Konecny.
19:41 of 3rd period - Shot Blocked by Dennis Gilbert.
19:43 of 3rd period - Slapshot by Ivan Provorov.
19:43 of 3rd period - Shot Blocked by Lucas Carlsson.
19:45 of 3rd period - Snap shot by Jake Dotchin.
19:45 of 3rd period - Deflect By Linden Vey.
19:45 of 3rd period - Stopped by Malcolm Subban with a rebound.
19:49 of 3rd period - Slapshot by Travis Konecny.
19:49 of 3rd period - Shot Misses the Net.
Goals for this period are 0 for Marlies vs 0 for Phantoms.
Shots for this period are 9 for Marlies vs 9 for Phantoms.
Output by the SimonT Hockey Simulator (STHS) for Francois Prevost